 Dungeon Crawl Stone Soup version 0.30-a0-1074-g5db6f66fbb (console) character file.

Game seed: 5172035575947028176

49 petzl the Sneak (level 4, -3/35 HPs)
             Began as a Formicid Delver on Apr 13, 2023.
             Slain by Terence
             ... wielding a +0 mace
              (8 damage)
             ... on level 2 of the Dungeon.
             The game lasted 00:09:24 (1980 turns).

petzl the Sneak (Formicid Delver)                   Turns: 1980, Time: 00:09:24

Health: -3/35      AC:  3    Str: 16    XL:     4   Next: 2%
Magic:  7/7        EV: 12    Int: 12    God:
Gold:   130        SH:  0    Dex: 15    Spells: 6/7 levels left

rFire   . . .      SeeInvis +    a - +0 mace
rCold   . . .      Faith    .    (no shield)
rNeg    . . .      Spirit   .    b - +0 leather armour
rPois   .          Reflect  .    (helmet unavailable)
rElec   .          Rampage  .    (no cloak)
rCorr   .                        (no gloves)
Will    .....                    (no boots)
Stlth   +++                      (no amulet)
HPRegen 0.25/turn                e - ring of wizardry
MPRegen 0.10/turn                (no ring)

@: no status effects
A: permanent stasis, dig shafts and tunnels, antennae 3, four strong arms
a: Dig, Shaft Self


You were on level 2 of the Dungeon.
You visited 1 branch of the dungeon, and saw 6 of its levels.

You collected 130 gold pieces.

Inventory:

Hand Weapons
 a - a +0 mace (weapon)
 i - a +0 trident
Missiles
 j - 2 atropa-tipped darts (quivered)
 p - 3 poisoned darts
Armour
 b - a +0 leather armour (worn)
Jewellery
 e - a ring of wizardry (left hand)
Wands
 f - a wand of digging (3)
Scrolls
 c - a scroll of fog
 d - 2 scrolls of magic mapping
 h - a scroll of poison {unknown}
 k - a scroll of teleportation {unknown}
 l - a scroll of identify {unknown}
 m - a scroll of vulnerability {unknown}
 r - 2 scrolls of immolation {unknown}
 s - a scroll of amnesia {unknown}
Potions
 g - 3 potions of berserk rage {unknown}
 n - 2 potions of mutation {unknown}
 o - 2 potions of curing {unknown}
 q - a potion of attraction {unknown}


   Skills:
 - Level 3.2 Fighting
 - Level 2.0 Maces & Flails
 - Level 1.7 Dodging
 - Level 6.0 Stealth
 + Level 2.4 Spellcasting
 + Level 1.7 Conjurations


You had 6 spell levels left.
You knew the following spells:

 Your Spells              Type           Power      Damage    Failure   Level
a - Magic Dart            Conj           20%        1d4       6%          1

Your spell library contained the following spells:

 Spells                   Type           Power      Damage    Failure   Level
 Searing Ray              Conj           10%        2d4       10%         2
 Call Canine Familiar     Summ           1%         N/A       34%         3
 Portal Projectile        Hex/Tloc       2%         N/A       34%         3
 Fulminant Prism          Conj/Hex       1%         3d5       63%         4
 Leda's Liquefaction      Hex/Erth       0%         N/A       75%         4


Dungeon Overview and Level Annotations

Branches:
Dungeon (6/15)
 Temple: D:4-7

Altars:
Kikubaaqudgha

Shops:
D:2 [

Annotations:
D:1 exclusions: downstairs, gnoll and quokka
D:2 Jessica, Sigmund, Terence
D:3 exclusion: iguana
D:5 exclusion: downstairs
D:6 Dowan, Duvessa


Innate Abilities, Weirdness & Mutations

You cannot be hasted, slowed, berserked, paralysed or teleported.
You can dig through walls and to a lower floor.
You have a pair of large antennae on your head. (SInv)
Your four strong arms can wield two-handed weapons with a shield.


Message History

Terence barely misses you.
You hit Terence but do no damage.
Terence is moderately wounded.
Terence closely misses you.
You hit Terence.
Terence is heavily wounded.
Terence closely misses you. Terence hits you with a +0 mace.
You hit Terence but do no damage.
Terence is heavily wounded.
Terence barely misses you.
You hit Terence but do no damage.
Terence is heavily wounded.
Terence barely misses you.
You hit Terence but do no damage.
Terence is heavily wounded.
Terence barely misses you. Terence hits you but does no damage.
You hit Terence but do no damage.
Terence is heavily wounded.
Terence hits you with a +0 mace.
You hit Terence.
Terence is heavily wounded.
Terence says, "Did you write a will?
You should..."
Terence hits you with a +0 mace.
You barely miss Terence.
Terence is heavily wounded.
Terence hits you with a +0 mace. x2
You hit Terence but do no damage.
Terence is heavily wounded.
Terence shouts, "Get ready for death!"
Terence hits you with a +0 mace.
* * * LOW HITPOINT WARNING * * *
Unknown command.
Okay, then.
Unknown command.
Are you sure you want to shaft yourself?
Terence hits you with a +0 mace.
* * * LOW HITPOINT WARNING * * *
You begin to dig a shaft.
You continue digging a shaft.
Terence hits you with a +0 mace!
You die...

#.###.#...<.....##........#>......#
#.....#.......[.....)...#)####..###
.................>###'###.#....<#
...#.......##.#.......# #.#.#####
#....#.....##.###...### #.#{#
##..<#.#.##.........# #...#
##..##.#....#.....#.# #####
###....#....#.....#.#
...#..###..#........#
...#................#
...##.##.#.###......######
......##............#....###
..###..#............#....... ..#
#..................# { ###
#............#.....# #
####.....#......#### # # #
##...........##.# ?##.# #
####.##.......#######....
#.##.@..##.#..@....# #.@.....#
#<..# { ...##..### ##### .)...
..... ....... .#.### ###.... .#
#.... .# #....


You could see Terence.

Vanquished Creatures
  An adder (D:2)
  A worm (D:3)
  4 ball pythons
  4 endoplasms
  2 giant cockroaches
  3 goblins (D:2)
  4 hobgoblins
  3 jackals (D:2)
  A kobold (D:4)
  5 bats
  4 frilled lizards
  3 rats
35 creatures vanquished.

Notes
Turn   | Place    | Note
-------+----------+-------------------------------------------
     0 | D:5      | petzl the Formicid Delver began the quest for the Orb.
     0 | D:5      | Reached XP level 1. HP: 18/18 MP: 1/1
    19 | D:6      | Noticed Duvessa
    19 | D:6      | Noticed Dowan
   116 | D:3      | Noticed an iguana
   201 | D:4      | Found an ancient bone altar of Kikubaaqudgha.
   231 | D:4      | Reached skill level 1 in Spellcasting
   244 | D:4      | Noticed a scorpion
   296 | D:2      | Learned a level 1 spell: Magic Dart
   299 | D:2      | Found Xaruul's Antique Armour Boutique.
   301 | D:2      | Found a faded altar of an unknown god.
   304 | D:2      | Noticed Terence
   314 | D:2      | Reached XP level 2. HP: 24/24 MP: 3/3
   481 | D:2      | Noticed Jessica
   639 | D:1      | Reached skill level 1 in Conjurations
   679 | D:1      | Reached XP level 3. HP: 29/29 MP: 5/5
  1628 | D:2      | Noticed Sigmund
  1878 | D:2      | Reached XP level 4. HP: 35/35 MP: 7/7
  1980 | D:2      | Slain by Terence

Illustrated notes

Levels and vault maps discovered:
D:1:      nicolae_arrival_washed_ashore, layout_rooms, fountainhead,
          dk_noncrumbling_2, nicolae_concentric_dashed_squares_wild,
          hangedman_decor_push, dk_noncrumbling_4, nicolae_grassy_gnolls
D:2:      layout_basic, serial_shops, shop, ebering_ecumenical_altar_rust,
          uniq_jessica, uniq_sigmund, uniq_terence
D:3:      layout_basic, mainiacjoe_overflow_24_doors, serial_rivers,
          chequers_serial_rivers_micro_a, chequers_serial_rivers_room_a,
          chequers_serial_rivers_small_a, chequers_serial_rivers_micro_e,
          chequers_serial_rivers_small_b, chequers_serial_rivers_room_a,
          wander_ebering_terrifying_dragon_lair
D:4:      layout_layer_cave, kiku_gazebo_garden_becter, bloody_makhleb,
          minmay_temple_entry_stoned_glass, minmay_strange_pillars
D:5:      layout_basic, saegor_snake_ambush, uniq_blork_the_orc, uniq_eustachio,
          uniq_menkaure
D:6:      layout_rooms, uniq_duvessa

Skill      XL: |  1  2  3 |
---------------+----------+-----
Spellcasting   | 1 2 |  2.4
Conjurations   | 1 |  1.7
Fighting       | |  3.2
Maces & Flails | |  2.0
Dodging        | |  1.7
Stealth        | |  6.0

Action                     |  1- 3 |  4- 6 || total
---------------------------+-------+-------++-------
  Melee: Mace              |   100 |    12 ||   112
  Throw: Dart              |     2 |       ||     2
Ability: Shaft Self        |       |     1 ||     1
    Use: Scroll            |     2 |       ||     2
   Stab: Sleeping          |    12 |       ||    12
 Armour: Leather armour    |    31 |     1 ||    32
  Dodge: Dodged            |    87 |     8 ||    95

Table legend: (Time is in decaauts)
 A = Elapsed time spent in this place.
 B = Non-inter-level travel time spent in this place.
 C = Inter-level travel time spent in this place.
 D = Time resting spent in this place.
 E = Time spent auto-exploring this place.
 F = Levels seen in this place.
 G = Mean time per level.
                   A        B        C        D        E       F      G
               +--------+--------+--------+--------+--------+-----+--------+
         Total |   2020 |   1923 |     97 |    211 |    737 |   6 |  336.7 |
       Dungeon |   2020 |   1923 |     97 |    211 |    737 |   6 |  336.7 |
               +--------+--------+--------+--------+--------+-----+--------+

Top non-repeatable levels by time:
     D:1: 917 daAuts
     D:2: 681 daAuts
     D:3: 232 daAuts
     D:4: 139 daAuts
     D:5: 48 daAuts
     D:6: 1 daAuts
